 Dungeon Crawl Stone Soup version 0.23-a0-80-gc95c2c7 (webtiles) character file.

33 Amnesiac the Gusty (level 3, -1/24 HPs)
             Began as a Mummy Air Elementalist on Aug 13, 2018.
             Shot with an arrow by a centaur (7 damage)
             ... on level 3 of the Dungeon.
             The game lasted 00:01:48 (735 turns).

Amnesiac the Gusty (Mummy Air Elementalist)          Turns: 735, Time: 00:01:49

Health: -1/24      AC:  2    Str: 11    XL:     3   Next: 12%
Magic:  5/7        EV: 12    Int: 15    God:
Gold:   31         SH:  0    Dex: 12    Spells: 7/8 levels left

rFire    x . .     SeeInvis .   (no weapon)
rCold    + + .     Gourm    .   (no shield)
rNeg     + + +     Faith    .   a - +0 robe
rPois    ∞         Spirit   .   (no helmet)
rElec    .         Reflect  .   (no cloak)
rCorr    .         Harm     .   (no gloves)
MR       .....                  (no boots)
Stlth    ++........             (no amulet)
HPRegen  0.08/turn              b - ring of protection from cold
MPRegen  0.10/turn              (no ring)

@: no status effects
A: no food or potions, fire vulnerability, cold resistance 1, negative energy
resistance 3, torment resistance, unbreathing
a: no special abilities


You were on level 3 of the Dungeon.
You were not hungry.

You visited 1 branch of the dungeon, and saw 3 of its levels.

You collected 31 gold pieces.

Inventory:

Armour
 a - a +0 robe (worn)
Jewellery
 b - a ring of protection from cold (left hand)
Scrolls
 c - a scroll of identify {!r, unknown}
 d - a scroll of teleportation {!r, unknown}


   Skills:
 - Level 1.5 Dodging
 - Level 1.5 Stealth
 + Level 3.2 Spellcasting
 - Level 0.7 Conjurations
 * Level 3.3 Air Magic


You had 7 spell levels left.
You knew the following spells:

 Your Spells              Type           Power        Failure   Level  Hunger
a - Shock                 Conj/Air       #...         9%          1    N/A

Your spell library contained the following spells:

 Spells                   Type           Power        Failure   Level  Hunger
 Lightning Bolt           Conj/Air       #.........   94%         5    N/A
 Swiftness                Chrm/Air       #.......     16%         2    N/A
 Airstrike                Air            ##........   45%         4    N/A
 Static Discharge         Conj/Air       #.......     26%         3    N/A

Dungeon Overview and Level Annotations

Branches:
Dungeon (3/15)

Altars:
Kikubaaqudgha


Innate Abilities, Weirdness & Mutations

You do not eat or drink.
Your flesh is vulnerable to fire.
You are immune to poison.
Your flesh is cold resistant. (rC+)
You are immune to negative energy. (rN+++)
You are immune to unholy pain and torment.
You can survive without breathing.


Message History

The jackal is almost dead.
The zap hits the jackal.
You kill the jackal!
Casting: Shock (safe; 9% risk of failure)
Confirm with . or Enter, or press ? or * to list all spells.
You can't see any susceptible monsters within range! (Use Z to cast anyway.)
Casting: Shock (safe; 9% risk of failure)
Confirm with . or Enter, or press ? or * to list all spells.
You can't see any susceptible monsters within range! (Use Z to cast anyway.)
Casting: Shock (safe; 9% risk of failure)
Confirm with . or Enter, or press ? or * to list all spells.
You can't see any susceptible monsters within range! (Use Z to cast anyway.)
You start resting.
Magic restored.
A goblin comes into view. It is wielding a club.
A goblin is nearby!
A goblin is nearby!
Casting: Shock (safe; 9% risk of failure)
Confirm with . or Enter, or press ? or * to list all spells.
Aiming: Shock (safe; 9% risk of failure)
Press: ? - help, Shift-Dir - straight line, f - goblin
Aim: a goblin, wielding a club (hasn't noticed you)
The zap hits the goblin.
You kill the goblin!
Casting: Shock (safe; 9% risk of failure)
Confirm with . or Enter, or press ? or * to list all spells.
You can't see any susceptible monsters within range! (Use Z to cast anyway.)
Casting: Shock (safe; 9% risk of failure)
Confirm with . or Enter, or press ? or * to list all spells.
You can't see any susceptible monsters within range! (Use Z to cast anyway.)
You start resting.
Magic restored.
A giant cockroach comes into view.
A giant cockroach is nearby!
A giant cockroach is nearby!
A centaur comes into view. It is wielding a rapier.
Found a stone staircase leading down.
The centaur shouts!
The centaur unwields an uncursed rapier.
The centaur wields a shortbow.
The centaur shoots an arrow.
The arrow hits you!!
Ouch! That really hurt!
* * * LOW HITPOINT WARNING * * *
You see here an arrow.
Casting: Shock (safe; 9% risk of failure)
Confirm with . or Enter, or press ? or * to list all spells.
Aiming: Shock (safe; 9% risk of failure)
Press: ? - help, Shift-Dir - straight line The zap hits the giant cockroach.
The giant cockroach is moderately wounded.
The zap hits the giant cockroach.
The giant cockroach appears unharmed.
The giant cockroach is moderately wounded.
The centaur shoots an arrow.
The arrow closely misses you.
The giant cockroach bites you but does no damage.
A leopard gecko comes into view.
The centaur shoots an arrow.
The arrow barely misses you.
Casting: Shock (safe; 9% risk of failure)
Confirm with . or Enter, or press ? or * to list all spells.
Aiming: Shock (safe; 9% risk of failure)
Press: ? - help, Shift-Dir - straight line The zap hits the giant cockroach.
You kill the giant cockroach!
The centaur shoots an arrow.
The arrow hits you!
You die...

..#.#.##.##..
.>..... .....
....... ....
..c... ... ##
#.... ..# ..
#.... #.### .
#..).###.#.#.#
#....@...#.#.#
#....###.....#
#.... ###.###
##### #<# #.#
..# ...# ....#
####..


You could see a centaur.

Vanquished Creatures
  An ooze (D:1)
  2 dart slugs (D:2)
  A leopard gecko (D:2)
  An orc (D:2)
  2 bats (D:2)
  A giant cockroach (D:3)
  4 goblins
  A hobgoblin (D:2)
  3 jackals (D:3)
  A frilled lizard (D:2)
  3 kobolds (D:2)
  2 rats (D:1)
22 creatures vanquished.

Notes
Turn   | Place    | Note
-------+----------+-------------------------------------------
     0 | D:1      | Amnesiac the Mummy Air Elementalist began the quest for the Orb.
     0 | D:1      | Reached XP level 1. HP: 13/13 MP: 4/4
   153 | D:1      | Reached XP level 2. HP: 14/19 MP: 1/5
   274 | D:2      | Found an ancient bone altar of Kikubaaqudgha.
   638 | D:2      | Reached XP level 3. HP: 18/24 MP: 0/7
   732 | D:3      | Noticed a centaur
   735 | D:3      | Shot with an arrow by a centaur

Vault maps used:
D:1:      dpeg_arrival_radiant, minmay_domino_4
D:2:      lemuel_round_altar, lemuel_crystal_altar,
          nicolae_overflow_crystal_walls, tgw_trog
D:3:      zin_scriptorium, uniq_natasha

Skill      XL: |  1  2 |
---------------+-------+-----
Air Magic      | 3 |  3.3
Spellcasting   | 3 |  3.2
Dodging        | |  1.5
Stealth        | |  1.5
Conjurations   | |  0.7

Action                   || total
-------------------------++-------
Melee: Unarmed           ||     9
 Cast: Shock             ||    39
Armor: Robe              ||    10
Dodge: Dodged            ||    32

Table legend:
 A = Non-vault XP
 B = Vault XP
 C = Vault XP percentage of total XP
 D = Non-vault monster count
 E = Vault monster count
 F = Vault count percentage of total count
 G = Total turns spent on level
                 A         B        C        D         E       F
            +---------+---------+-------+---------+---------+-------
      Total |      48 |       0 |   0.0 |      22 |       0 |   0.0
            +---------+---------+-------+---------+---------+-------
        D:1 |      12 |       0 |   0.0 |       5 |       0 |   0.0
        D:2 |      25 |       0 |   0.0 |      11 |       0 |   0.0
        D:3 |      11 |       0 |   0.0 |       6 |       0 |   0.0
            +---------+---------+-------+---------+---------+-------
